 Dungeon Crawl Stone Soup version 0.20.1-1-g8b1a95d (webtiles) character file.

2594 elite277 the Sneak (level 9, -1/69 HPs)
             Began as a Human Assassin on Aug 15, 2017.
             Was an Initiate of Fedhas.
             Slain by Joseph
             ... wielding a +0 quarterstaff
              (21 damage)
             ... on level 7 of the Dungeon on Aug 16, 2017.
             The game lasted 01:33:59 (8279 turns).

elite277 the Sneak (Human Assassin)                 Turns: 8279, Time: 01:34:07

Health: -1/69      AC:  7    Str: 12    XL:     9   Next: 89%
Magic:  11/11      EV: 16    Int: 13    God:    Fedhas [......]
Gold:   384        SH:  0    Dex: 18    Spells: 8/8 levels left

rFire    . . .     SeeInvis +   F - +1 hunting sling (freeze)
rCold    + . .     Gourm    +   (no shield)
rNeg     + . .     Faith    .   r - +2 robe {rC+}
rPois    .         Spirit   .   m - +0 helmet
rElec    .         Reflect  .   d - +0 cloak
rCorr    .         Harm     .   q - +0 pair of gloves
MR       .....     Clarity  +   (no boots)
Stlth    ++++......             A - amulet of the gourmand
Regen    0.3/turn               h - ring of see invisible
MPRegen  0.2/turn               u - ring of positive energy

@: no status effects
A: talons 1, clarity, clever 1
a: Fungal Bloom, Renounce Religion


You were on level 7 of the Dungeon.
You worshipped Fedhas.
Fedhas was noncommittal.
You were very full.

You visited 1 branch of the dungeon, and saw 7 of its levels.

You collected 384 gold pieces.

Inventory:

Hand Weapons
 a - a +2 dagger
 b - a +0 blowgun
 k - a +3 mace of draining
 t - a +2 falchion of holy wrath
 w - a +0 arbalest
 z - a +1 dagger of pain
 F - a +1 hunting sling of freezing (weapon)
 J - a +0 blowgun
Missiles
 e - 22 poisoned needles
 l - 203 stones (quivered)
 D - 29 arrows
Armour
 d - a +0 cloak (worn)
 m - a +0 helmet (worn)
 q - a +0 pair of gloves (worn)
 r - a +2 robe of cold resistance (worn)
Magical Staves
 i - an uncursed staff of earth
 B - an uncursed staff of cold
Jewellery
 f - an uncursed ring of protection from cold
 h - a ring of see invisible (left hand)
 p - an uncursed amulet of rage
 u - a ring of positive energy (right hand)
 A - an amulet of the gourmand (around neck)
Wands
 v - a wand of lightning (0/15)
 C - a wand of paralysis (7/24)
Scrolls
 c - a scroll of random uselessness
 j - 3 scrolls of teleportation
 o - 3 scrolls of amnesia
 y - 7 scrolls of identify
 I - a scroll of remove curse
Potions
 x - a potion of brilliance
 G - a potion of mutation
Comestibles
 g - 5 bread rations
 s - 6 meat rations


   Skills:
 + Level 6.1 Fighting
 + Level 5.3 Short Blades
 + Level 1.8(2.6) Slings
 - Level 3.0(3.2) Throwing
 + Level 6.0 Dodging
 + Level 7.2 Stealth
 + Level 2.9 Unarmed Combat
 - Level 3.1 Invocations
 - Level 2.1 Evocations


You had 8 spell levels left.
You didn't know any spells.

Dungeon Overview and Level Annotations

Branches:
Dungeon (7/15)             Temple (0/1) D:5

Altars:
Cheibriados
Fedhas
Gozag
Hepliaklqana
Kikubaaqudgha
Nemelex Xobeh
Trog
Uskayaw
The Shining One

Annotations:
D:7 Joseph


Innate Abilities, Weirdness & Mutations

You have sharp toenails.
You possess an exceptional clarity of mind.
Your mind is acute. (Int +2)


Message History

Joseph hits you with a quarterstaff!
* * * LOW HITPOINT WARNING * * *
You closely miss Joseph.
Joseph is almost dead.
Joseph unwields an uncursed quarterstaff.
Joseph wields a hunting sling.
Joseph shoots a sling bullet.
The sling bullet closely misses you.
Wield which item (- for none, * to show all)? (? for menu, Esc to quit)
Your +1 hunting sling of freezing is covered in frost.
F - a +1 hunting sling of freezing (weapon)
Firing (i - inventory):
l - 204 stones (quivered)
Press: ? - help, Shift-Dir - straight line, f/p - Joseph
Aim: Joseph, wielding a hunting sling and wearing a leather armour (almost dead)
You shoot a stone. The stone hits Joseph.
The stone freezes Joseph.
Joseph is almost dead.
Joseph unwields an uncursed hunting sling.
Joseph wields an uncursed quarterstaff.
Joseph hits you with an uncursed quarterstaff!!
You die...
Fedhas appreciates your contribution to the ecosystem.

#..# *,* #..#
###***********,**
#..#
#..,,,,,,,,,,,,,*
###########..#
#.#***********,**
.............#
#.# ***
.).........).#
#.#
##############
#.# ###.########
#@# ...........#
#@# ###.######.#
#§# ### #.# #§#
#.#####§#
#..§§§§§#
#########


You could see Joseph.

Vanquished Creatures
  Pikel (D:5)
  Grinder (D:4)
  Sigmund (D:6)
  A black bear (D:6)
  An orc warrior (D:7)
  4 ogres
  A phantom (D:6)
  A centaur (D:6)
  A bullfrog (D:7)
  A water moccasin skeleton (D:7)
  4 howler monkeys
  2 centaur zombies
  3 hounds
  A gnoll shaman (D:5)
  2 centaur skeletons
  2 orc priests (D:6)
  5 orc wizards
  An iguana (D:5)
  3 worker ants
  A hound skeleton (D:7)
  Robin (D:2)
  2 gnolls (D:5)
  12 adders
  A howler monkey skeleton (D:7)
  A shadow imp (D:6)
  2 oozes
  An adder skeleton (D:4)
  An adder zombie (D:5)
  5 worms
  A dart slug (D:2)
  2 leopard geckos
  16 orcs
  5 giant cockroaches
  15 goblins
  16 hobgoblins
  7 jackals
  9 kobolds
  6 quokkas
  4 ball pythons
  10 bats
  3 frilled lizards
  A jackal skeleton (D:5)
  A leopard gecko zombie (D:5)
  A quokka skeleton (D:4)
  7 rats
167 creatures vanquished.

Vanquished Creatures (others)
  A slave (D:5)
  2 worker ants (D:5)
  2 gnolls (D:5)
  An adder (D:5)
  4 orcs (D:5)
  2 hobgoblins (D:5)
12 creatures vanquished.

Grand Total: 179 creatures vanquished

Notes
Turn   | Place    | Note
-------+----------+-------------------------------------------
     0 | D:1      | elite277 the Human Assassin began the quest for the Orb.
     0 | D:1      | Reached XP level 1. HP: 16/16 MP: 1/1
    79 | D:1      | Reached XP level 2. HP: 10/22 MP: 2/2
   440 | D:1      | Reached XP level 3. HP: 28/28 MP: 3/3
  1244 | D:2      | Reached XP level 4. HP: 31/34 MP: 4/4
  1256 | D:2      | Noticed Robin
  1394 | D:2      | Killed Robin
  2116 | D:2      | Found a bloodstained altar of Trog.
  2370 | D:3      | Reached skill level 1 in Unarmed Combat
  2370 | D:3      | Reached XP level 5. HP: 24/41 MP: 5/5
  2503 | D:3      | Gained mutation: You possess an exceptional clarity of mind. [potion of mutation]
  2503 | D:3      | Gained mutation: You evolve. [potion of mutation]
  2503 | D:3      | Gained mutation: You have sharp toenails. [potion of mutation]
  3119 | D:4      | Found a blossoming altar of Fedhas.
  3203 | D:4      | Reached skill level 5 in Stealth
  3278 | D:4      | Reached XP level 6. HP: 25/47 MP: 6/6
  3710 | D:4      | Gained mutation: Your mind is acute. (Int +2) [evolution]
  3710 | D:4      | Lost mutation: You evolve. [end of evolution]
  3781 | D:4      | Noticed Grinder
  3799 | D:4      | Paralysed by Grinder for 7 turns
  3804 | D:4      | HP: 2/48 [quokka skeleton (4)]
  3820 | D:4      | Paralysed by Grinder for 6 turns
  3831 | D:4      | Paralysed by Grinder for 4 turns
  3837 | D:4      | Killed Grinder
  3837 | D:4      | Reached XP level 7. HP: 10/54 MP: 7/7
  4178 | D:5      | Entered Level 5 of the Dungeon
  4274 | D:5      | Noticed Pikel
  4338 | D:5      | Killed Pikel
  4338 | D:5      | Reached skill level 5 in Fighting
  4338 | D:5      | Reached skill level 6 in Stealth
  4338 | D:5      | Reached XP level 8. HP: 21/63 MP: 8/8
  4941 | D:4      | Reached skill level 1 in Evocations
  5018 | D:4      | Became a worshipper of Fedhas Madash
  5058 | D:3      | Reached skill level 5 in Dodging
  5644 | D:5      | Noticed a dagger
  5644 | D:5      | Noticed a hand axe
  5671 | D:5      | Found a hide-covered altar of Uskayaw.
  5703 | D:5      | Found a snail-covered altar of Cheibriados.
  5808 | D:5      | Found a staircase to the Ecumenical Temple.
  5945 | D:5      | Reached skill level 1 in Invocations
  6171 | D:6      | Reached skill level 7 in Stealth
  6171 | D:6      | Reached XP level 9. HP: 57/69 MP: 10/10
  6271 | D:6      | Noticed Sigmund
  6276 | D:6      | Killed Sigmund
  6688 | D:6      | Found an ancient bone altar of Kikubaaqudgha.
  7019 | D:6      | Found a glowing golden altar of the Shining One.
  7403 | D:6      | Found a sparkling altar of Nemelex Xobeh.
  7485 | D:6      | Found an opulent altar of Gozag.
  7658 | D:7      | Reached skill level 1 in Slings
  7718 | D:7      | Reached skill level 5 in Short Blades
  7928 | D:7      | Found a hazy altar of Hepliaklqana.
  8134 | D:7      | Noticed Joseph
  8279 | D:7      | Slain by Joseph

Skill      XL: |  1  2  3  4  5  6  7  8  9 |
---------------+----------------------------+-----
Fighting       | 3 4 5 6 |  6.1
Unarmed Combat | 1 2 |  2.9
Dodging        | 2 3 4 5 6 |  6.0
Short Blades   | 3 4 5 |  5.3
Stealth        | 5 6 7 |  7.2
Evocations     | 1 2 |  2.1
Invocations    | 1 3 |  3.1
Slings         | 1 |  1.8
Throwing       | 3 |  3.0

Action                   |  1- 3 |  4- 6 |  7- 9 || total
-------------------------+-------+-------+-------++-------
Melee: Dagger            |   103 |   266 |   328 ||   697
       Kick              |       |    45 |   106 ||   151
       Punch             |       |       |     3 ||     3
 Fire: Blowgun           |     2 |    11 |    39 ||    52
       Hunting sling     |       |       |    90 ||    90
Throw: Stone             |    25 |    34 |    43 ||   102
 Abil: Evoke Berserk Rag |       |       |     1 ||     1
Evoke: Wand              |       |       |     7 ||     7
  Use: Potion            |       |    12 |     3 ||    15
       Scroll            |       |     5 |     7 ||    12
 Stab: Sleeping          |     6 |     1 |     6 ||    13
       Distracted        |       |     1 |       ||     1
  Eat: Chunk             |     1 |     8 |    23 ||    32
       Fruit             |       |       |     1 ||     1
Armor: Robe              |    22 |    58 |    47 ||   127
       Leather armour    |       |    25 |    12 ||    37
Dodge: Dodged            |    57 |   152 |   247 ||   456
